 Dungeon Crawl Stone Soup version 0.29-a0-241-g20d21d4356 (webtiles) character file.

Game seed: 12507852941995126672

15 Ordine the Cudgeller (level 2, -2/17 HPs)
             Began as a Tengu Warper on Mar 4, 2022.
             Slain by a gnoll
             ... wielding a +2 spear of freezing
              (5 damage)
             ... on level 1 of the Dungeon.
             The game lasted 00:01:49 (711 turns).

Ordine the Cudgeller (Tengu Warper)                  Turns: 711, Time: 00:01:50

Health: -2/17      AC:  3    Str: 11    XL:     2   Next: 50%
Magic:  6/6        EV: 11    Int: 13    God:
Gold:   104        SH:  5    Dex: 13    Spells: 5/5 levels left

rFire   . . .      SeeInvis .   a - +0 mace
rCold   . . .      Faith    .   (no shield)
rNeg    . . .      Spirit   .   b - +0 leather armour
rPois   .          Reflect  +   (helmet restricted)
rElec   .          Harm     .   (no cloak)
rCorr   .          Rampage  .   (no gloves)
Will    .....                   (boots unavailable)
Stlth   +.........              h - amulet of reflection
HPRegen 0.05/turn               (no ring)
MPRegen 0.10/turn               (no ring)

@: no status effects
A: beak, talons 3
a: no special abilities


You were on level 1 of the Dungeon.
You visited 1 branch of the dungeon, and saw 1 of its levels.

You collected 104 gold pieces.

Inventory:

Hand Weapons
 a - a +0 mace (weapon)
Missiles
 d - 5 boomerangs of dispersal (quivered)
Armour
 b - a +0 leather armour (worn)
Jewellery
 h - an amulet of reflection (around neck)
Scrolls
 c - 2 scrolls of blinking
 e - 3 scrolls of identify {unknown}
 f - a scroll of noise {unknown}
 g - a scroll of acquirement {unknown}
Potions
 j - a potion of might {unknown}
 k - a potion of attraction {unknown}


   Skills:
 + Level 2.2 Fighting
 * Level 2.8 Maces & Flails
 + Level 1.4 Throwing
 - Level 1.1 Armour
 - Level 2.1 Dodging
 - Level 2.0 Spellcasting
 - Level 2.4 Translocations


You had 5 spell levels left.
You didn't know any spells.
Your spell library contained the following spells:

 Spells                   Type           Power      Damage    Failure   Level
 Blink                    Tloc           14%        N/A       19%         2
 Gell's Gravitas          Tloc           7%         N/A       36%         3
 Lesser Beckoning         Tloc           7%         N/A       36%         3
 Teleport Other           Tloc           7%         N/A       36%         3
 Airstrike                Air            0%         N/A       97%         4
 Summon Lightning Spire   Summ/Air       1%         N/A       97%         4
 Manifold Assault         Tloc           7%         N/A       98%         5
 Lightning Bolt           Conj/Air       0%         1d11      100%        5


Dungeon Overview and Level Annotations

Branches:
Dungeon (1/15)

Altars:

Shops:
D:1 (


Innate Abilities, Weirdness & Mutations

You have a beak for a mouth.
You have claws for feet.


Message History

The gnoll shouts!
You block the gnoll's attack.
The gnoll hits you with a +2 spear of freezing.
The gnoll freezes you.
You closely miss the gnoll. You claw the gnoll, but do no damage.
The gnoll hits you with a +2 spear of freezing!
* * * LOW HITPOINT WARNING * * *
The gnoll freezes you.
* * * LOW HITPOINT WARNING * * *
You are too injured to fight recklessly!
You are too injured to fight recklessly!
It was a potion of curing.
You feel better. The gnoll barely misses you.
You closely miss the gnoll.
The gnoll hits you with a +2 spear of freezing.
* * * LOW HITPOINT WARNING * * *
The gnoll freezes you.
* * * LOW HITPOINT WARNING * * *
You block the gnoll's attack.
You feel better. You block the gnoll's attack.
You hit the gnoll but do no damage. You claw the gnoll.
Your peck misses the gnoll.
The gnoll is moderately wounded.
The gnoll closely misses you.
You hit the gnoll but do no damage. You claw the gnoll.
You peck the gnoll, but do no damage.
The gnoll is severely wounded.
The gnoll barely misses you.
You barely miss the gnoll.
The gnoll is severely wounded.
You block the gnoll's attack.
You hit the gnoll but do no damage. You claw the gnoll, but do no damage.
The gnoll is severely wounded.
The gnoll hits you with a +2 spear of freezing.
The gnoll freezes you.
* * * LOW HITPOINT WARNING * * *
The gnoll barely misses you.
You hit the gnoll but do no damage. You claw the gnoll.
The gnoll is almost dead.
The gnoll hits you with a +2 spear of freezing.
You die...

#.# #........#...........
#.# ####+##.####.#+##.###
#.# #.##.# #.#....... #.#
#.##.# #.#..#.### #.#
#.##.# #)#..#.... #.#
#.##.# #.#....... #.#
#.##.####.##.#.... #.#
#g##..............
#.#######@#....##)........
#.........+... #.#..#.###
#########.#.. #.#..#.###
#.#. #.#..#.... #.#
#.#....... #.# #.#.......
#.# #.#.#..... #.#
#.#....... .# .. .#.......


You could see a gnoll.

Vanquished Creatures
  A dart slug (D:1)
  3 ball pythons (D:1)
  An endoplasm (D:1)
  A giant cockroach (D:1)
  A goblin (D:1)
  A hobgoblin (D:1)
  2 bats (D:1)
  A frilled lizard (D:1)
  A kobold (D:1)
12 creatures vanquished.

Notes
Turn   | Place    | Note
-------+----------+-------------------------------------------
     0 | D:1      | Ordine the Tengu Warper began the quest for the Orb.
     0 | D:1      | Reached XP level 1. HP: 12/12 MP: 4/4
   199 | D:1      | Reached XP level 2. HP: 17/17 MP: 6/6
   530 | D:1      | Found Guitona's Antique Weapon Shop.
   711 | D:1      | Slain by a gnoll

Illustrated notes

Levels and vault maps discovered:
D:1:      dpeg_arrival_tiny_d, layout_basic, serial_shops,
          nicolae_shop_hallway_plus, minivault_19, dreamdust_wishing_well

Action                   || total
-------------------------++-------
Melee: Mace              ||    27
       Kick              ||    10
       Peck              ||     3
  Use: Potion            ||     2
Armor: Leather armour    ||     5
Dodge: Dodged            ||    15
Block: Other             ||     9

Table legend: (Time is in decaauts)
 A = Elapsed time spent in this place.
 B = Non-inter-level travel time spent in this place.
 C = Inter-level travel time spent in this place.
 D = Time resting spent in this place.
 E = Time spent auto-exploring this place.
 F = Levels seen in this place.
 G = Mean time per level.
                   A        B        C        D        E       F      G
               +--------+--------+--------+--------+--------+-----+--------+
         Total |    718 |    718 |      0 |      0 |    611 |   1 |  718.0 |
       Dungeon |    718 |    718 |      0 |      0 |    611 |   1 |  718.0 |
               +--------+--------+--------+--------+--------+-----+--------+

Top non-repeatable levels by time:
     D:1: 718 daAuts
